 Dungeon Crawl Stone Soup version 0.23-a0-481-g60b89c1 (webtiles) character file.

75 theanonym the Poker (level 4, -3/34 HPs)
             Began as a Mummy Warper on Nov 29, 2018.
             Slain by a gnoll
             ... wielding a +0 spear
              (7 damage)
             ... on level 2 of the Dungeon.
             The game lasted 00:01:30 (1645 turns).

theanonym the Poker (Mummy Warper)                  Turns: 1645, Time: 00:01:31

Health: -3/34      AC:  3    Str: 15    XL:     4   Next: 11%
Magic:  8/8        EV: 11    Int: 12    God:
Gold:   93         SH:  5    Dex: 11    Spells: 8/8 levels left

rFire    x . .     SeeInvis .   a - +0 spear
rCold    + . .     Gourm    .   j - +2 buckler
rNeg     + + +     Faith    .   b - +0 leather armour
rPois    ∞         Spirit   .   (no helmet)
rElec    .         Reflect  .   (no cloak)
rCorr    .         Harm     .   (no gloves)
MR       .....                  (no boots)
Stlth    +.........             (no amulet)
HPRegen  0.11/turn              (no ring)
MPRegen  0.11/turn              (no ring)

@: no status effects
A: no food or potions, fire vulnerability, cold resistance 1, negative energy
resistance 3, torment resistance, unbreathing
a: no special abilities


Innate Abilities, Weirdness & Mutations

You do not eat or drink.
Your flesh is vulnerable to fire.
You are immune to poison.
Your flesh is cold resistant. (rC+)
You are immune to negative energy. (rN+++)
You are immune to unholy pain and torment.
You can survive without breathing.


   Skills:
 + Level 2.8 Fighting
 * Level 2.9 Polearms
 - Level 0.7 Throwing
 - Level 0.7 Armour
 - Level 1.5 Dodging
 + Level 1.0 Shields
 - Level 2.6 Spellcasting
   Level 2.4 Translocations


You had 8 spell levels left.
You didn't know any spells.
Your spell library contained the following spells:

 Spells                   Type           Power        Failure   Level  Hunger
 Blink                    Tloc           N/A          26%         2    N/A
 Shroud of Golubria       Chrm/Tloc      #.........   38%         2    N/A
 Gell's Gravitas          Tloc           #.........   45%         3    N/A
 Lesser Beckoning         Tloc           #.........   45%         3    N/A
 Teleport Other           Tloc           #.......     45%         3    N/A
 Passage of Golubria      Tloc           N/A          86%         4    N/A

Skill      XL: |  1  2  3 |
---------------+----------+-----
Polearms       | 2 |  2.9
Shields        | 1 |  1.0
Fighting       | |  2.8
Throwing       | |  0.7
Armour         | |  0.7
Dodging        | |  1.5
Spellcasting   | |  2.6
Translocations | |  2.4

Action                   |  1- 3 |  4- 6 || total
-------------------------+-------+-------++-------
Melee: Spear             |   110 |    23 ||   133
Throw: Tomahawk          |       |     2 ||     2
 Stab: Sleeping          |     2 |       ||     2
Armor: Leather armour    |    18 |     3 ||    21
Dodge: Dodged            |    46 |    17 ||    63
Block: Buckler           |    21 |     6 ||    27

Inventory:

Hand Weapons
 a - a +0 spear (weapon)
Missiles
 e - 3 tomahawks of dispersal (quivered)
Armour
 b - a +0 leather armour (worn)
 d - a +0 buckler
   (You found it on level 1 of the Dungeon)
 j - a +2 buckler (worn)
   (You found it on level 1 of the Dungeon)
Scrolls
 c - a scroll of fog {unknown}
 f - a scroll of enchant weapon {unknown}
 g - a scroll of noise {unknown}
 h - a scroll of remove curse {unknown}
 i - 2 scrolls of fear {unknown}
 k - a scroll of enchant armour {unknown}
 B - 2 scrolls of blinking


You were on level 2 of the Dungeon.
You were not hungry.

You visited 1 branch of the dungeon, and saw 2 of its levels.

You collected 93 gold pieces.

Dungeon Overview and Level Annotations

Branches:
Dungeon (2/15)

Altars:

#.#.#.. ..........
#.#.#.# ########..
#.#.#.# #.. #.#.#.#
#.. #.#.#.#######
##.###. #............
....[... ###.#.######
###.###.
#.#.########### ..[
#.#..@§g.g.g..# ...#.
#.###########.#.###.#.
#.. #.#.# # #. ...
#.#.# #. ... #g#.# #.
.... #.#.# . #g#.# .
#.#.###+#. #.K.......


You could see a gnoll.

Notes
Turn   | Place    | Note
-------+----------+-------------------------------------------
     0 | D:1      | theanonym the Mummy Warper began the quest for the Orb.
     0 | D:1      | Reached XP level 1. HP: 16/16 MP: 4/4
    19 | D:1      | HP: 8/16 [rat (3)]
    29 | D:1      | HP: 6/16 [leopard gecko (1)]
   278 | D:1      | Reached skill level 2 in Polearms
   279 | D:1      | Reached XP level 2. HP: 22/22 MP: 5/5
   445 | D:1      | HP: 8/23 [hobgoblin/+0 club (4)]
   694 | D:1      | Reached XP level 3. HP: 20/28 MP: 7/7
  1176 | D:2      | HP: 14/28 [hound (4)]
  1177 | D:2      | Reached skill level 1 in Shields
  1375 | D:2      | Reached XP level 4. HP: 28/34 MP: 8/8
  1397 | D:2      | HP: 17/34 [leopard gecko (3)]
  1617 | D:2      | HP: 11/34 [gnoll/+0 spear (10)]
  1627 | D:2      | HP: 12/34 [adder (1)]
  1636 | D:2      | HP: 8/34 [adder (5)]
  1643 | D:2      | HP: 3/34 [adder (3)]
  1645 | D:2      | Slain by a gnoll

Vanquished Creatures
  A hound (D:2)
  An adder (D:2)
  An ooze (D:1)
  2 leopard geckos
  A ball python (D:1)
  4 giant cockroaches
  6 goblins (D:1)
  2 hobgoblins (D:1)
  4 bats
  4 frilled lizards (D:1)
  A kobold (D:1)
  4 rats (D:1)
31 creatures vanquished.

Table legend:
 A = Turns spent in this place as a percentage of turns spent in the entire game.
 B = Non-inter-level travel turns spent in this place as a percentage of non-inter-level travel turns spent in the entire game.
 C = Inter-level travel turns spent in this place as a percentage of turns spent in this place.
 D = Turns resting spent in this place as a percentage of non-inter-level travel turns spent in this place.
 E = Turns spent auto-exploring this place as a percentage of non-inter-level travel turns spent in this place.
 F = Non-inter-level travel turns spent in this place divided by the number of levels of this place that you've seen.
                   A       B       C       D       E      F
               +-------+-------+-------+-------+-------+----------------------
         Total | 100.0 | 100.0 |   2.3 |  47.4 |  35.5 | 803.5
       Dungeon | 100.0 | 100.0 |   2.3 |  47.4 |  35.5 | 803.5
               +-------+-------+-------+-------+-------+----------------------
